 Dungeon Crawl Stone Soup version 0.29.1-14-g9c671dbff4 (webtiles) character file.

Game seed: 8865518744835621217

1768 H0rd4k the Martial Artist (level 9, -4/62 HPs)
             Began as an Octopode Artificer on Feb 15, 2023.
             Was an Initiate of Gozag.
             Slain by a vampire
             ... wielding a +1 vampiric halberd
              (6 damage)
             ... in a bailey.
             The game lasted 00:09:18 (7608 turns).

H0rd4k the Martial Artist (Octopode Artificer)      Turns: 7608, Time: 00:09:18

Health: -4/62      AC:  5    Str: 12    XL:     9   Next: 7%
Magic:  16/16      EV: 13    Int: 17    God:    Gozag
Gold:   1538       SH:  0    Dex: 12    Spells: 17/17 levels left

rFire   x . .      SeeInvis .     - Unarmed
rCold   + . .      Faith    .   (no shield)
rNeg    . . .      Spirit   .   (helmet restricted)
rPois   .          Reflect  .   a - amulet of magic regeneration
rElec   .          Harm     .   k - +4 ring of protection
rCorr   .          Rampage  .   c - ring of ice
Will    .....                   (no ring)
Stlth   ++........              (no ring)
HPRegen 0.20/turn               (no ring)
MPRegen 0.55/turn               (no ring)
                                (no ring)
                                (no ring)

@: confused
A: almost no armour, amphibious, 8 rings, camouflage 1, gelatinous body 1,
(nimble swimmer 1), tentacles
a: Renounce Religion, Potion Petition, Call Merchant, Bribe Branch


You were in a bailey.
You worshipped Gozag.
Gozag was most pleased with you.
You visited 2 branches of the dungeon, and saw 8 of its levels.
You also visited: Bailey.

You collected 1633 gold pieces.
You paid 95 gold pieces to Gozag.

Inventory:

Missiles
 e - a throwing net
 p - 6 atropa-tipped darts
Magical Staves
 d - a staff of poison
Jewellery
 a - an amulet of magic regeneration (around mantle)
 c - a ring of ice (right tentacle)
 k - a +4 ring of protection (left tentacle)
 m - an amulet of the acrobat
Wands
 i - a wand of polymorph (12)
Scrolls
 b - a scroll of vulnerability
 f - 2 scrolls of magic mapping
 o - a scroll of enchant weapon


   Skills:
 * Level 5.9 Fighting
 - Level 2.3 Dodging
 - Level 1.3 Stealth
 + Level 8.0 Unarmed Combat
 * Level 4.6 Spellcasting
 - Level 3.2 Evocations


You had 17 spell levels left.
You didn't know any spells.
Your spell library contained the following spells:

 Spells                   Type           Power      Damage    Failure   Level
 Gell's Gravitas          Tloc           3%         N/A       41%         3
 Teleport Other           Tloc           3%         N/A       41%         3
 Dispersal                Tloc           1%         N/A       100%        6


Dungeon Overview and Level Annotations

Branches:
Dungeon (7/15)             Temple (1/1) D:5          Bailey (1/1)

Altars:
Ashenzari
Cheibriados
Fedhas
Gozag
Hepliaklqana
Nemelex Xobeh
Okawaru
Qazlal
Sif Muna
Vehumet
Wu Jian
Xom
Zin
The Shining One

Annotations:
D:3 Grinder
D:4 exclusion: scorpion
D:5 Blork the orc
D:6 exclusions: upstairs and water moccasin
D:7 2 transporters, exclusion: water moccasin


Innate Abilities, Weirdness & Mutations

You cannot wear most types of armour.
You are amphibious.
You can wear up to eight rings at the same time.
Your skin changes colour to match your surroundings (Stealth+).
Your rubbery body absorbs attacks. (AC +1, EV +1)
((You are camouflaged when in or above water. (Stealth+)))
You have tentacles for arms and can constrict up to eight enemies at once.


Message History

Your orc warrior hits something but does no damage.
Things that are here:
6 gold pieces; a +0 mace
Okay, then.
Okay, then.
Aiming: Polymorph
Press: ? - help, Shift-Dir - straight line Nothing appears to happen.
Something hits you.
Unknown command.
Unknown command.
Aiming: Polymorph
Press: ? - help, Shift-Dir - straight line Nothing appears to happen.
Something hits you!
Unknown command.
You feel much better.
You hear some strange, mumbled words.
Something tries to affect you, but you resist.
Something hits you! Something bites you!
Something draws strength from your injuries!
You tentacle-slap something but do no damage.
Your tentacle-slap misses something.
You hear some strange, mumbled words.
You are confused.
You closely miss something. Something hits you!!
* * * LOW HITPOINT WARNING * * *
Something bites you.
* * * LOW HITPOINT WARNING * * *
Something draws strength from your injuries!
Your gnoll misses something.
Unknown command.
You aren't carrying any potions.
You are too confused!
Unknown command.
You are too confused!
Unknown command.
You are too confused!
Unknown command.
Something hits you.
You die...
Your body crumbles into a pile of gold.

#).#####..8#..#...# !.#
#'##.......#..'..# .!#
...........#..'..####.:#
...........#..#...##.[8#
........♣..#..##.....!#
♣.........)#..g##...8##
..........##.$.{######
........)##.......#
........##...##.@.#
...♣.....#....##..#
.........##....#..#
..........##...#..#
...######......#..#
...#....#......#..#
...#.).)#.....8#88#
...#..###''########
#.)+..'......'.)..#


You could see a friendly gnoll (summoned, wandering).

Vanquished Creatures
  An ogre (D:7)
  2 centaurs (D:6)
  A phantom (D:4)
  A gnoll sergeant (D:5)
  A scorpion (D:6)
  7 vampire bats (Bailey)
  6 wolf zombies (Bailey)
  5 hounds
  A gnoll bouda (D:5)
  Jessica (D:3)
  An iguana (D:6)
  Terence (D:2)
  4 adders
  9 gnolls
  A white imp (D:6)
  A worm (D:2)
  2 dart slugs
  4 orcs
  5 ball pythons
  10 bats
  3 endoplasms
  7 goblins
  10 hobgoblins
  4 jackals
  2 quokkas (D:2)
  2 frilled lizards (D:1)
  4 kobolds
  17 orc zombies (Bailey)
  6 rats
119 creatures vanquished.

Vanquished Creatures (collateral kills)
  A gargoyle (Bailey)
  An orc (D:4)
  An endoplasm (D:3)
  A giant cockroach (D:3)
  A jackal (D:4)
5 creatures vanquished.

Vanquished Creatures (others)
  3 gnolls
  4 demonic plants (D:2)
  A fungus (D:2)
  3 plants
  2 withered plants (D:2)
13 creatures vanquished.

Grand Total: 137 creatures vanquished

Notes
Turn   | Place    | Note
-------+----------+-------------------------------------------
     0 | D:1      | H0rd4k the Octopode Artificer began the quest for the Orb.
     0 | D:1      | Reached XP level 1. HP: 13/13 MP: 1/1
   217 | D:1      | Reached skill level 1 in Spellcasting
   386 | D:1      | Reached XP level 2. HP: 18/18 MP: 3/3
  1484 | D:2      | Reached XP level 3. HP: 24/24 MP: 5/5
  1797 | D:2      | Noticed Terence
  1803 | D:2      | Killed Terence
  1804 | D:2      | Reached skill level 1 in Unarmed Combat
  1804 | D:2      | Reached XP level 4. HP: 12/30 MP: 5/7
  2069 | D:2      | Found a faded altar of an unknown god.
  2510 | D:3      | Found an ornate altar of the Wu Jian Council.
  2510 | D:3      | Noticed Grinder
  2520 | D:3      | Reached skill level 2 in Unarmed Combat
  2524 | D:3      | Noticed Jessica
  2625 | D:2      | Reached XP level 5. HP: 18/35 MP: 8/8
  2667 | D:3      | Killed Jessica
  3099 | D:4      | Found a stormy altar of Qazlal.
  3255 | D:4      | Noticed a phantom
  3478 | D:4      | Reached skill level 3 in Unarmed Combat
  3570 | D:4      | Killed a phantom
  3571 | D:4      | Reached XP level 6. HP: 30/42 MP: 10/10
  4028 | D:5      | Entered Level 5 of the Dungeon
  4053 | D:5      | Noticed Blork the orc
  4416 | D:5      | Reached skill level 4 in Unarmed Combat
  4442 | D:5      | Reached XP level 7. HP: 29/47 MP: 11/11
  4607 | D:5      | Found a staircase to the Ecumenical Temple.
  4617 | Temple   | Entered the Ecumenical Temple
  4636 | Temple   | Became a worshipper of Gozag Ym Sagoz the Greedy
  4933 | D:6      | Reached skill level 5 in Unarmed Combat
  5068 | D:6      | Identified a scroll of acquirement
  5068 | D:6      | Acquired 1095 gold pieces
  5360 | D:6      | Found a blossoming altar of Fedhas.
  5418 | D:6      | HP: 2/48 [gnoll/+0 halberd (16)]
  5945 | D:7      | Found a shimmering altar of Xom.
  5982 | D:7      | Reached skill level 6 in Unarmed Combat
  5982 | D:7      | Reached XP level 8. HP: 9/54 MP: 13/13
  6001 | D:7      | Found a transporter.
  6012 | D:7      | Found a transporter.
  6041 | D:7      | Found a flagged portal.
  6308 | Bailey   | Entered a bailey
  7192 | Bailey   | Noticed a gargoyle
  7211 | Bailey   | Reached skill level 5 in Fighting
  7217 | Bailey   | Reached skill level 7 in Unarmed Combat
  7577 | Bailey   | Killed a gargoyle
  7578 | Bailey   | Reached skill level 8 in Unarmed Combat
  7578 | Bailey   | Reached XP level 9. HP: 30/62 MP: 14/16
  7607 | Bailey   | HP: 2/62 [something (5)]
  7608 | Bailey   | Slain by a vampire

Illustrated notes

Levels and vault maps discovered:
D:1:      dpeg_arrival_three_smaller_balls, layout_basic, st_stairs_14
D:2:      layout_loops_cross, shapermc_ecumenical_altar_gd,
          mrwooster_statue_mirror, uniq_terence
D:3:      layout_rooms, nzn_wu_jian_contemplation, uniq_jessica, uniq_grinder
D:4:      layout_basic, nicolae_qazlal_scattered_showers, st_stairs_10,
          nicolae_elevator_lobby_asterisk
D:5:      layout_cave_pools, elyvilon_altar_1, mainiacjoe_overflow_big_doors,
          minmay_temple_entry_glass, serial_gnoll_camp, gnoll_camp_mini_house,
          gnoll_camp_medium_02, gnoll_camp_medium_01, gnoll_camp_huts_basic,
          gnoll_camp_mini_hut, uniq_blork_the_orc, uniq_duvessa
D:6:      layout_basic, eat_drink_and_be_merry_uskayaw, fedhas_altar_3
D:7:      gammafunk_steamed_eel, layout_gridville,
          lemuel_coloured_pillars_altar, general_overflow_altar, enter_bailey_3,
          minmay_misc_feat_encased, roderic_serpentine_path, uniq_pikel
Temple:   hellmonk_temple_rainy
Bailey:   bailey_polearm_vampire_castle_hellmonk, bailey

Skill      XL: |  1  2  3  4  5  6  7  8 |
---------------+-------------------------+-----
Spellcasting   | 1 2 3 4 |  4.6
Fighting       | 2 3 4 5 |  5.9
Unarmed Combat | 1 2 3 4 6 8 |  8.0
Dodging        | |  2.3
Stealth        | |  1.3
Evocations     | |  3.2

Action                   |  1- 3 |  4- 6 |  7- 9 || total
-------------------------+-------+-------+-------++-------
Melee: Unarmed           |    80 |   113 |   180 ||   373
       Constrict         |    28 |    30 |    44 ||   102
       Tentacles         |    20 |    28 |    50 ||    98
       Punch             |     3 |     2 |    11 ||    16
Evoke: Wand              |     1 |    29 |     7 ||    37
  Use: Potion            |       |     2 |     2 ||     4
       Scroll            |       |       |     8 ||     8
 Stab: Sleeping          |    10 |     2 |     4 ||    16
       Distracted        |       |     1 |     2 ||     3
Armor: Skin              |     6 |    46 |    82 ||   134
Dodge: Dodged            |    62 |   125 |   143 ||   330
